[gd_resource type="SpriteFrames" load_steps=25 format=3 uid="uid://bs756ouh3ohg0"]

[ext_resource type="Texture2D" uid="uid://b1cwif2jtp1hj" path="res://assets/sheep/sheep-walk.png" id="1_0fkr8"]
[ext_resource type="Texture2D" uid="uid://cqqv6ft4jilyw" path="res://assets/sheep/sheep-frontback.png" id="2_ta831"]

[sub_resource type="AtlasTexture" id="AtlasTexture_lnihk"]
atlas = ExtResource("1_0fkr8")
region = Rect2(0, 709, 826, 709)

[sub_resource type="AtlasTexture" id="AtlasTexture_fc64x"]
atlas = ExtResource("2_ta831")
region = Rect2(0, 2124, 681, 708)

[sub_resource type="AtlasTexture" id="AtlasTexture_vekix"]
atlas = ExtResource("2_ta831")
region = Rect2(0, 1416, 681, 708)

[sub_resource type="AtlasTexture" id="AtlasTexture_dn05r"]
atlas = ExtResource("1_0fkr8")
region = Rect2(826, 709, 826, 709)

[sub_resource type="AtlasTexture" id="AtlasTexture_nb07m"]
atlas = ExtResource("1_0fkr8")
region = Rect2(1652, 709, 826, 709)

[sub_resource type="AtlasTexture" id="AtlasTexture_38iqq"]
atlas = ExtResource("1_0fkr8")
region = Rect2(3304, 709, 826, 709)

[sub_resource type="AtlasTexture" id="AtlasTexture_bi4oy"]
atlas = ExtResource("1_0fkr8")
region = Rect2(4130, 709, 826, 709)

[sub_resource type="AtlasTexture" id="AtlasTexture_207s2"]
atlas = ExtResource("1_0fkr8")
region = Rect2(4956, 709, 826, 709)

[sub_resource type="AtlasTexture" id="AtlasTexture_s0cy8"]
atlas = ExtResource("1_0fkr8")
region = Rect2(5782, 709, 826, 709)

[sub_resource type="AtlasTexture" id="AtlasTexture_v1v3j"]
atlas = ExtResource("1_0fkr8")
region = Rect2(6608, 709, 826, 709)

[sub_resource type="AtlasTexture" id="AtlasTexture_a5x7j"]
atlas = ExtResource("1_0fkr8")
region = Rect2(7434, 709, 826, 709)

[sub_resource type="AtlasTexture" id="AtlasTexture_5t35l"]
atlas = ExtResource("1_0fkr8")
region = Rect2(8260, 709, 826, 709)

[sub_resource type="AtlasTexture" id="AtlasTexture_cr5s6"]
atlas = ExtResource("1_0fkr8")
region = Rect2(9086, 709, 826, 709)

[sub_resource type="AtlasTexture" id="AtlasTexture_2fj40"]
atlas = ExtResource("1_0fkr8")
region = Rect2(9912, 709, 826, 709)

[sub_resource type="AtlasTexture" id="AtlasTexture_xylw0"]
atlas = ExtResource("2_ta831")
region = Rect2(708, 2124, 708, 708)

[sub_resource type="AtlasTexture" id="AtlasTexture_nqwfg"]
atlas = ExtResource("2_ta831")
region = Rect2(1416, 2124, 708, 708)

[sub_resource type="AtlasTexture" id="AtlasTexture_idoth"]
atlas = ExtResource("2_ta831")
region = Rect2(2124, 2124, 708, 708)

[sub_resource type="AtlasTexture" id="AtlasTexture_obec2"]
atlas = ExtResource("2_ta831")
region = Rect2(2832, 2124, 708, 708)

[sub_resource type="AtlasTexture" id="AtlasTexture_bqkrk"]
atlas = ExtResource("2_ta831")
region = Rect2(708, 1416, 708, 708)

[sub_resource type="AtlasTexture" id="AtlasTexture_275gw"]
atlas = ExtResource("2_ta831")
region = Rect2(1416, 1416, 708, 708)

[sub_resource type="AtlasTexture" id="AtlasTexture_6cebm"]
atlas = ExtResource("2_ta831")
region = Rect2(2124, 1416, 708, 708)

[sub_resource type="AtlasTexture" id="AtlasTexture_pev8d"]
atlas = ExtResource("2_ta831")
region = Rect2(2832, 1416, 708, 708)

[resource]
animations = [{
"frames": [{
"duration": 1.0,
"texture": SubResource("AtlasTexture_lnihk")
}],
"loop": true,
"name": &"idle",
"speed": 5.0
}, {
"frames": [{
"duration": 1.0,
"texture": SubResource("AtlasTexture_fc64x")
}],
"loop": true,
"name": &"idleback",
"speed": 5.0
}, {
"frames": [{
"duration": 1.0,
"texture": SubResource("AtlasTexture_vekix")
}],
"loop": true,
"name": &"idlefront",
"speed": 5.0
}, {
"frames": [{
"duration": 1.0,
"texture": SubResource("AtlasTexture_dn05r")
}, {
"duration": 1.0,
"texture": SubResource("AtlasTexture_nb07m")
}, {
"duration": 1.0,
"texture": SubResource("AtlasTexture_38iqq")
}, {
"duration": 1.0,
"texture": SubResource("AtlasTexture_bi4oy")
}, {
"duration": 1.0,
"texture": SubResource("AtlasTexture_207s2")
}, {
"duration": 1.0,
"texture": SubResource("AtlasTexture_s0cy8")
}, {
"duration": 1.0,
"texture": SubResource("AtlasTexture_v1v3j")
}, {
"duration": 1.0,
"texture": SubResource("AtlasTexture_a5x7j")
}, {
"duration": 1.0,
"texture": SubResource("AtlasTexture_5t35l")
}, {
"duration": 1.0,
"texture": SubResource("AtlasTexture_cr5s6")
}, {
"duration": 1.0,
"texture": SubResource("AtlasTexture_2fj40")
}],
"loop": true,
"name": &"walk",
"speed": 5.0
}, {
"frames": [{
"duration": 1.0,
"texture": SubResource("AtlasTexture_xylw0")
}, {
"duration": 1.0,
"texture": SubResource("AtlasTexture_nqwfg")
}, {
"duration": 1.0,
"texture": SubResource("AtlasTexture_idoth")
}, {
"duration": 1.0,
"texture": SubResource("AtlasTexture_obec2")
}],
"loop": true,
"name": &"walkback",
"speed": 5.0
}, {
"frames": [{
"duration": 1.0,
"texture": SubResource("AtlasTexture_bqkrk")
}, {
"duration": 1.0,
"texture": SubResource("AtlasTexture_275gw")
}, {
"duration": 1.0,
"texture": SubResource("AtlasTexture_6cebm")
}, {
"duration": 1.0,
"texture": SubResource("AtlasTexture_pev8d")
}],
"loop": true,
"name": &"walkfront",
"speed": 5.0
}]
